[Event "Late-Titled-Tuesday-Blitz-July-09-2024"]
[Site "Chess.com"]
[Date "2024.07.09"]
[Round "1"]
[White "maurovargas01"]
[Black "myburger"]
[Result "0-1"]
[WhiteElo "1946"]
[BlackElo "2540"]
[TimeControl "180+1"]
[EndTime "14:09:13 PDT"]
[Termination "myburger won on time"]

1. e4 c5 2. Nc3 g6 3. f4 Bg7 4.
Nf3 Nc6 5. Bb5 Nd4 6. Bf1 d6 7. h3 e5 8. Bc4 Ne7 9. d3 Nec6 10. O-O O-O 11. Nd5 Nxf3+ 12. Rxf3 Nd4 13. Rf1 Qh4 14.
fxe5 Bxe5 15. Bf4 Be6 16. Bxe5 dxe5 17. Nf6+ Kg7 18. c3 Bxc4 19. dxc4 Ne6 20. Qd5 Qg5 21. Ng4 h5 22. Qxe5+ Qxe5 23. Nxe5 Ng5 24. Nd7 Rfd8 25. Nxc5 b6 26. h4 Nh3+ 27. gxh3 bxc5 28. Rad1 Re8 29.
Rfe1 Rab8 30. Rd2 Re5 31. Kg2 f5 32. Rde2 fxe4 33. Kg3 Rbe8 34. Rd1 Kf6 35. Rd6+ Kg7 36. Rd7+ R8e7 37. Rxe7+ Rxe7 38. Kf4 Kf6 39. Rxe4 Rb7 40. Re2 a5 41. Rd2 a4 42. Rd6+ Kg7 43. Rd2 a3 44. b3 Kf6 45. Rd6+ Kf7 46. Rd5 Rc7 47. Kg5 Rc6 48.
Rd7+ Ke6 49. Rd5 Kf7 50. Rd7+ Ke8 51. Ra7 Re6 52. Rxa3 Re3 53. Kxg6 Rxc3 54. Kxh5 Rxh3 55. Kg5 Ke7 56. h5 Rg3+ 57. Kf4 Rg1 58. h6 Rh1 59. Ra7+ Kd6 60. h7 Ke6 61. Ke4 Kf6 62. Kd5 Rh5+ 63. Kd6 Kg6 64. Ra6 Rxh7 65. Kxc5+ Kf5 66.
Kb4 Ke4 67. Ra5 Rb7+ 68. Rb5 Rc7 69. Rc5 Rb7+ 70. Rb5 Rc7 71. a4 Kd4 72. a5 Kd3 73. a6 Kc2 74. Ra5 Rc8 75. a7 Ra8 76. c5 Rf8 77.
Kb5 Rf4 78. b4 Rf3 0-1

[Event "Late-Titled-Tuesday-Blitz-July-09-2024"]
[Site "Chess.com"]
[Date "2024.07.09"]
[Round "1"]
[White "MaxLeto"]
[Black "Fandorine"]
[Result "1/2-1/2"]
[WhiteElo "2498"]
[BlackElo "2925"]
[TimeControl "180+1"]
[EndTime "14:10:35 PDT"]
[Termination "Game drawn - insufficient material"]

1. g4 e5 2. Bg2 Ne7 3. c4 Ng6 4. d3 Bc5 5. Nc3 d6 6. g5 Nh4 7. Be4 Nc6 8. Nf3 Ng2+ 9. Kd2 Bxf2 10. Qf1 Be3+ 11. Kc2 Bxc1 12. Qxg2 Be3 13. Raf1 Be6 14. Kb1 Qd7 15. h4 O-O-O 16. Ne1 Kb8 17. Nc2 Bb6 18. h5 f5 19. gxf6 gxf6 20. Rxf6 a6 21. h6 Rhg8 22. Qf1 Nd4 23. Nxd4 Bxd4 24. Nd1 c6 25. e3 Ba7 26. Bf5 Bxf5 27. Qxf5 Qxf5 28. Rxf5 Rd7 29. Rf6 Kc7 30. Rhf1 Re8 31. Kc2 d5 32. cxd5 cxd5 33.
Kd2 d4 34. e4 Bc5 35. a3 Be7 36. Rf7 Bg5+ 37. Ke2 Bxh6 38. Rxd7+ Kxd7 39. Rh1 Re6 40. Nf2 Rg6 41. Kf3 Rf6+ 42. Ke2 Rb6 43. b4 Rg6 44.
Kf3 Ke6 45. Ng4 Bg7 46. Rxh7 b5 47. Rh5 Kd6 48. Rf5 Bh8 49. Rf8 Bg7 50. Rf7 Rg5 51.
Ra7 Bf8 52. Rxa6+ Kd7 53. Rb6 Bd6 54. Rxb5 Rh5 55. Rd5 Ke6 56. Kg3 Rh1 57. b5 Rg1+ 58. Kf3 Ra1 59. b6 Rxa3 60. Nf2 Rb3 61. Ke2 Rb2+ 62.
Kf3 Rxb6 63. Ng4 Rb3 64. Nf2 Rb2 65. Ra5 Rd2 66. Ra6 Kd7 67. Ra7+ Kc6 68. Ra6+ Kc7 69.
Ra5 Kb6 70. Rd5 Kc6 71. Ra5 Bc7 72. Rd5 Rc2 73. Kg3 Re2 74. Kf3 Re3+ 75. Kg2 Bd6 76. Kf1 Bc7 77. Kg2 Bb8 78. Kf1 Bd6 79. Kg2 Re2 80.
Kf3 Rd2 81. Kg3 Kd7 82. Kf3 Ke6 83. Kg3 Be7 84. Ra5 Bg5 85. Ra6+ Kf7 86. Ra5 Bf4+ 87.
Kf3 Kg6 88. Ra6+ Kg5 89. Ra8 Kf6 90. Rf8+ Ke6 91. Re8+ Kf7 92. Ra8 Be3 93. Ra7+ Ke6 94. Ra6+ Ke7 95. Ng4 Bf4 96. Ra7+ Ke6 97. Nf2 Be3 98.
Ra6+ Ke7 99. Ng4 Bf4 100. Nf2 Kf7 101. Ra7+ Kg6 102. Ra6+ Kh5 103. Ra8 Be3 104. Rh8+ Kg5 105. Rg8+ Kf6 106. Ng4+ Ke6 107. Re8+ Kd7 108. Rxe5 Rxd3 109. Rd5+ Ke6 110. Nxe3 Rxe3+ 111. Kf4 Re1 112. Rxd4 Rf1+ 113. Ke3 Re1+ 114. Kf3 Rf1+ 115. Ke2 Ra1 116. Rb4 Ra3 117. Rc4 Rb3 118. Rc2 Ra3 119. Rd2 Ke5 120. Rd3 Ra4 121. Re3 Rxe4 122.
Rxe4+ Kxe4 1/2-1/2

[Event "Late-Titled-Tuesday-Blitz-July-09-2024"]
[Site "Chess.com"]
[Date "2024.07.09"]
[Round "2"]
[White "UB_TheQueen"]
[Black "jbking07"]
[Result "1-0"]
[WhiteElo "2091"]
[BlackElo "2436"]
[TimeControl "180+1"]
[EndTime "14:12:44 PDT"]
[Termination "UB_TheQueen won by resignation"]

1. e4 c5 2. Nf3 Nc6 3. d4 cxd4 4. Nxd4 g6 5. Nc3 Bg7 6. Be3 Nf6 7. Bc4 O-O 8. Bb3 d6 9. f3 Bd7 10. Qd2 Rc8 11.
h4 h5 12. O-O-O Ne5 13. g4 hxg4 14. h5 gxh5 15. Bh6 Kh7 16. Bxg7 Kxg7 17. Qg5+ Kh8 18. f4 Ng6 19. Qh6+ 1-0

[Event "Late-Titled-Tuesday-Blitz-July-09-2024"]
[Site "Chess.com"]
[Date "2024.07.09"]
[Round "2"]
[White "merinasian"]
[Black "ElCoachRene"]
[Result "1-0"]
[WhiteElo "2422"]
[BlackElo "1910"]
[TimeControl "180+1"]
[EndTime "14:12:48 PDT"]
[Termination "merinasian won by checkmate"]

1. d4 Nc6 2. Nf3 d5 3. g3 Nf6 4.
Bg2 Bf5 5. O-O Qd7 6. c4 Bh3 7. cxd5 Nxd5 8. e4 Bxg2 9. Kxg2 Nb6 10. d5 O-O-O 11. Qe2 Nb8 12. Nc3 e6 13. Nb5 a6 14.
Na7# 1-0

[Event "Late-Titled-Tuesday-Blitz-July-09-2024"]
[Site "Chess.com"]
[Date "2024.07.09"]
[Round "2"]
[White "Msb2"]
[Black "only_strong_moves"]
[Result "1-0"]
[WhiteElo "3086"]
[BlackElo "2653"]
[TimeControl "180+1"]
[EndTime "14:12:57 PDT"]
[Termination "Msb2 won by resignation"]

1. d4 Nf6 2. c4 e6 3. Nc3 d5 4. cxd5 exd5 5. Bg5 c6 6. e3 Bd6 7. Bd3 O-O 8. Nf3 h6 9. Bh4 Nbd7 10. Bg3 Qc7 11.
Qc2 a6 12. O-O Re8 13. Rab1 b5 14. a4 b4 15. Ne2 a5 16. Rfc1 Bb7 17. Bxd6 Qxd6 18. Ng3 g6 19. Bxg6 fxg6 20. Qxg6+ Kh8 21. Qxh6+ Kg8 22. Qg6+ Kh8 23. Ng5 Re7 24. Nf5 1-0

[Event "Late-Titled-Tuesday-Blitz-July-09-2024"]
[Site "Chess.com"]
[Date "2024.07.09"]
[Round "2"]
[White "GilbertoHernandezAmura"]
[Black "schachlana"]
[Result "1-0"]
[WhiteElo "2516"]
[BlackElo "2312"]
[TimeControl "180+1"]
[EndTime "14:13:42 PDT"]
[Termination "GilbertoHernandezAmura won by resignation"]

1. d4 Nf6 2. Nf3 g6 3. g3 Bg7 4. Bg2 d6 5. O-O O-O 6. c4 c5 7. dxc5 dxc5 8. Nc3 Nc6 9. Be3 Be6 10. Bxc5 Bxc4 11. Qa4 b5 12. Nxb5 Bxe2 13. Rfe1 Bxb5 14. Qxb5 Rc8 15. Rad1 Qc7 16. Rc1 Rfd8 17. Bxe7 Re8 18. Bxf6 Rxe1+ 19. Nxe1 Bxf6 20. Qxc6 1-0

[Event "Late-Titled-Tuesday-Blitz-July-09-2024"]
[Site "Chess.com"]
[Date "2024.07.09"]
[Round "2"]
[White "SRob2003"]
[Black "scrambleyourbrain"]
[Result "1-0"]
[WhiteElo "2709"]
[BlackElo "2349"]
[TimeControl "180+1"]
[EndTime "14:13:46 PDT"]
[Termination "SRob2003 won by resignation"]

1. Nc3 d5 2. d4 Nf6 3. Bf4 c5 4.
e3 a6 5. Nf3 Bg4 6. h3 Bxf3 7.
Qxf3 Nc6 8. O-O-O cxd4 9. exd4 e6 10. g4 Bd6 11. Bxd6 Qxd6 12. g5 Nd7 13. h4 O-O-O 14. Qxf7 Rhf8 15. Qxg7 Rxf2 16. Qxh7 Qf4+ 17. Kb1 Nxd4 18.
Bd3 Nf3 19. g6 Nf6 20. Qe7 e5 21. Qc5+ 1-0

[Event "Late-Titled-Tuesday-Blitz-July-09-2024"]
[Site "Chess.com"]
[Date "2024.07.09"]
[Round "2"]
[White "katharinareinecke"]
[Black "ArtemDyachuk"]
[Result "0-1"]
[WhiteElo "2097"]
[BlackElo "2682"]
[TimeControl "180+1"]
[EndTime "14:13:59 PDT"]
[Termination "ArtemDyachuk won by checkmate"]

1. d4 d5 2. Nf3 e6 3. g3 c5 4.
Bg2 Nc6 5. O-O Nf6 6. c4 cxd4 7. cxd5 exd5 8. Nxd4 Bc5 9. Nxc6 bxc6 10. b3 O-O 11.
Bb2 Re8 12. Nc3 Ba6 13. Re1 Bxf2+ 14. Kxf2 Ng4+ 15. Kf1 Qb6 16. Ne4 Nxh2# 0-1

[Event "Late-Titled-Tuesday-Blitz-July-09-2024"]
[Site "Chess.com"]
[Date "2024.07.09"]
[Round "2"]
[White "AlphaPerseii"]
[Black "saikrishnaReturns"]
[Result "0-1"]
[WhiteElo "2403"]
[BlackElo "2771"]
[TimeControl "180+1"]
[EndTime "14:14:00 PDT"]
[Termination "saikrishnaReturns won by resignation"]

1. Nf3 g6 2. g3 Bg7 3. Bg2 e5 4. d4 e4 5. Ng5 d5 6. c4 c6 7. Nc3 h6 8. Nh3 g5 9. f3 exf3 10.
exf3 dxc4 11. Be3 Ne7 12. O-O O-O 13. Re1 Nf5 14. d5 Nxe3 15. Rxe3 Qb6 0-1

[Event "Late-Titled-Tuesday-Blitz-July-09-2024"]
[Site "Chess.com"]
[Date "2024.07.09"]
[Round "2"]
[White "Crazy_girl99"]
[Black "marvinguevara"]
[Result "1-0"]
[WhiteElo "2674"]
[BlackElo "2072"]
[TimeControl "180+1"]
[EndTime "14:14:14 PDT"]
[Termination "Crazy_girl99 won by checkmate"]

1. e4 c5 2. Nf3 Nc6 3. Bb5 Nd4 4. Nxd4 cxd4 5. O-O e6 6. d3 a6 7. Ba4 b5 8. Bb3 Bc5 9. Nd2 Ne7 10. f4 f5 11. Qe2 Qc7 12. exf5 Nxf5 13. Ne4 Bb6 14. Kh1 O-O 15. Bd2 Kh8 16. Rf3 Bb7 17. Rh3 h6 18.
Rf1 Kh7 19. Qh5 Rae8 20. Ng5+ Kg8 21. Qg6 Rf6 22. Qxe8+ Rf8 23. Qg6 a5 24. Qh7# 1-0

[Event "Late-Titled-Tuesday-Blitz-July-09-2024"]
[Site "Chess.com"]
[Date "2024.07.09"]
[Round "2"]
[White "ManMish2"]
[Black "schondeln"]
[Result "1-0"]
[WhiteElo "2595"]
[BlackElo "2365"]
[TimeControl "180+1"]
[EndTime "14:14:16 PDT"]
[Termination "ManMish2 won by checkmate"]

1. e4 d5 2. exd5 Qxd5 3. Nc3 Qa5 4. Nf3 Nf6 5. d4 Bf5 6. Bc4 e6 7. O-O c6 8. Bf4 Nbd7 9. Re1 Be7 10. h3 O-O 11.
Nh4 Bg6 12. Nxg6 hxg6 13. Bb3 Rad8 14. Qf3 Rfe8 15. Rad1 Nd5 16. Nxd5 cxd5 17. c3 Qb6 18. Qg3 Nf6 19. Bc7 Qc6 20. Bxd8 Rxd8 21. Qf3 Bd6 22. g3 b5 23. a3 a5 24. Bc2 Qb6 25. Bd3 Rc8 26.
Rc1 Rc7 27. Qe2 Rb7 28. b4 axb4 29. axb4 Qc6 30. Rc2 Nd7 31. Ra1 e5 32. Ra8+ Kh7 33. Qh5# 1-0

[Event "Late-Titled-Tuesday-Blitz-July-09-2024"]
[Site "Chess.com"]
[Date "2024.07.09"]
[Round "2"]
[White "ELPRIMO0O0"]
[Black "DanielDardha2005"]
[Result "0-1"]
[WhiteElo "2601"]
[BlackElo "2903"]
[TimeControl "180+1"]
[EndTime "14:14:23 PDT"]
[Termination "DanielDardha2005 won by resignation"]

1. e4 c6 2. d4 d5 3. e5 Bf5 4.
Nc3 e6 5. g4 Bg6 6. Nge2 h6 7.
Nf4 Bh7 8. Bd3 Bxd3 9. Nxd3 Nd7 10. Be3 Ne7 11. Qe2 c5 12. dxc5 Nc6 13. O-O-O d4 14. Ne4 dxe3 15. Qxe3 Qa5 16. f4 Qxa2 17. f5 O-O-O 18.
Nd6+ Bxd6 19. cxd6 Ndxe5 20. Nxe5 Qa1+ 21. Kd2 Qa5+ 0-1

[Event "Late-Titled-Tuesday-Blitz-July-09-2024"]
[Site "Chess.com"]
[Date "2024.07.09"]
[Round "2"]
[White "OparinGrigoriy"]
[Black "vladjianu"]
[Result "1-0"]
[WhiteElo "3006"]
[BlackElo "2633"]
[TimeControl "180+1"]
[EndTime "14:14:24 PDT"]
[Termination "OparinGrigoriy won by resignation"]

1. Nc3 d6 2. e4 g6 3. d4 Bg7 4.
f4 Nf6 5. Nf3 O-O 6. e5 Nfd7 7.
e6 fxe6 8. h4 c5 9. h5 cxd4 10.
Nxd4 Nc5 11. hxg6 hxg6 12. Qg4 Rf6 13. Qh4 Nc6 14. Be3 e5 15. Nxc6 bxc6 16. O-O-O Qf8 17.
fxe5 Rf5 18. Bxc5 dxc5 19. Bc4+ e6 20. Rd8 Rh5 21. Rxf8+ Bxf8 22. Qe1 Rxh1 23. Qxh1 Bg7 24. Ne4 Bxe5 25. Qh6 1-0

[Event "Late-Titled-Tuesday-Blitz-July-09-2024"]
[Site "Chess.com"]
[Date "2024.07.09"]
[Round "2"]
[White "myburger"]
[Black "grzechu96"]
[Result "0-1"]
[WhiteElo "2537"]
[BlackElo "2803"]
[TimeControl "180+1"]
[EndTime "14:14:34 PDT"]
[Termination "grzechu96 won by resignation"]

1. d4 d5 2. Nc3 Nf6 3. Bf4 a6 4. e3 Bf5 5. f3 c5 6. g4 Bd7 7.
dxc5 e6 8. b4 b6 9. Kf2 bxc5 10.
bxc5 Bxc5 11. Bd3 Nc6 12. Nge2 e5 13. Bg5 Nxg4+ 14. fxg4 Qxg5 15. Nxd5 O-O 16. Ng3 Bxg4 17. Qd2 Rad8 18. c4 Rxd5 19. cxd5 Qf4+ 20. Ke1 Bxe3 21.
Qc2 Nd4 0-1

[Event "Late-Titled-Tuesday-Blitz-July-09-2024"]
[Site "Chess.com"]
[Date "2024.07.09"]
[Round "2"]
[White "Bob_2004"]
[Black "duone"]
[Result "1-0"]
[WhiteElo "2703"]
[BlackElo "2315"]
[TimeControl "180+1"]
[EndTime "14:14:35 PDT"]
[Termination "Bob_2004 won by resignation"]

1. e4 e5 2. Nf3 Nc6 3. Bc4 Bc5 4. c3 Nf6 5. d4 exd4 6. e5 d5 7. Bb5 Ne4 8. cxd4 Bb6 9. O-O O-O 10. h3 Be6 11. Nc3 f6 12. Bxc6 bxc6 13. Be3 fxe5 14.
Nxe5 Qd6 15. Rc1 Nxc3 16. Rxc3 c5 17. dxc5 Qxe5 18. Bd4 Qg5 19. Rg3 Qe7 20. Rxg7+ Qxg7 21. Bxg7 Kxg7 22. cxb6 axb6 23. Re1 Rf6 24. Qd4 c5 25. Qe5 Rxa2 26. Re3 Ra1+ 27. Kh2 Kf7 28. Qc7+ Kg6 29. Rg3+ Kh5 30. Qxh7+ Rh6 31. Qg7 1-0

[Event "Late-Titled-Tuesday-Blitz-July-09-2024"]
[Site "Chess.com"]
[Date "2024.07.09"]
[Round "2"]
[White "WPWPWP-2015"]
[Black "mouseslips_are_the_best"]
[Result "1-0"]
[WhiteElo "2511"]
[BlackElo "2296"]
[TimeControl "180+1"]
[EndTime "14:14:37 PDT"]
[Termination "WPWPWP-2015 won by resignation"]

1. e4 e6 2. d4 d5 3. Nd2 c5 4. Ne2 Nc6 5. c3 cxd4 6. exd5 Qxd5 7. cxd4 Nxd4 8. Qa4+ Nc6 9. Nc3 Qd8 10. Bb5 Bd7 11.
O-O a6 12. Be2 Bc5 13. Qg4 Qf6 14. Nde4 Qe7 15. Nxc5 Qxc5 16. Be3 Qf8 17. Rfd1 Nf6 18. Qh4 Qe7 19. Bg5 O-O 20. Ne4 Ne5 21. Nxf6+ gxf6 22. Bxf6 Qc5 23. Qh6 1-0

[Event "Late-Titled-Tuesday-Blitz-July-09-2024"]
[Site "Chess.com"]
[Date "2024.07.09"]
[Round "2"]
[White "GoltsevDmitry2000"]
[Black "JoshWeinstein"]
[Result "1-0"]
[WhiteElo "2758"]
[BlackElo "2455"]
[TimeControl "180+1"]
[EndTime "14:14:42 PDT"]
[Termination "GoltsevDmitry2000 won by resignation"]

1. e4 d5 2. exd5 Qxd5 3. Nf3 Nf6 4. d4 Nc6 5. h3 Bf5 6. c4 Qd6 7. a3 O-O-O 8. Be3 Be4 9. Ng5 Bg6 10. Nf3 e5 11. d5 e4 12. Nd4 Nxd4 13. Qxd4 Qa6 14. c5 Qa5+ 15. b4 Qa4 16. Nc3 Qd7 17. c6 bxc6 18.
Ba6+ 1-0

[Event "Late-Titled-Tuesday-Blitz-July-09-2024"]
[Site "Chess.com"]
[Date "2024.07.09"]
[Round "2"]
[White "IMVadim"]
[Black "ritanovikova"]
[Result "0-1"]
[WhiteElo "2447"]
[BlackElo "2148"]
[TimeControl "180+1"]
[EndTime "14:14:46 PDT"]
[Termination "ritanovikova won by resignation"]

1. e4 e5 2. Nf3 Nf6 3. Nxe5 d6 4. Nf3 Nxe4 5. Nc3 Nxc3 6. dxc3 Bf5 7. Be3 Nd7 8. Qd2 Nf6 9. O-O-O Qd7 10. Nd4 Bg6 11. Bc4 a6 12. Rhe1 O-O-O 13. Bg5 Be7 14. Qe2 Rhe8 15. Bxa6 Nd5 16. Bxe7 Rxe7 17. Qf1 Rxe1 18. Rxe1 c5 19. Bb5 Qc7 20. Nf3 Qa5 21. Qg1 Qxb5 22.
Nd2 Qa4 23. Nb3 Qxa2 24. g4 Nxc3 0-1

[Event "Late-Titled-Tuesday-Blitz-July-09-2024"]
[Site "Chess.com"]
[Date "2024.07.09"]
[Round "2"]
[White "Nemsko"]
[Black "GMAneta"]
[Result "0-1"]
[WhiteElo "2332"]
[BlackElo "2536"]
[TimeControl "180+1"]
[EndTime "14:14:50 PDT"]
[Termination "GMAneta won by resignation"]

1. e4 c5 2. Nf3 Nc6 3. d4 cxd4 4. Nxd4 g6 5. c4 Bg7 6. Be3 Nf6 7. Nc3 Ng4 8. Nxc6 Nxe3 9. fxe3 bxc6 10. Bd3 Qb6 11. Qd2 Bxc3 12. bxc3 O-O 13. O-O Qc5 14. Rf3 Ba6 15.
Qe2 d6 16. Rh3 Qe5 17. Qe1 Rab8 18. Qh4 h5 19. Rc1 Bc8 20. Rg3 Rb2 21. Rg5 Qg7 22. c5 Be6 23. cxd6 exd6 24. a4 Rfb8 25. Rxh5 gxh5 0-1

[Event "Late-Titled-Tuesday-Blitz-July-09-2024"]
[Site "Chess.com"]
[Date "2024.07.09"]
[Round "2"]
[White "Bugcrusher"]
[Black "mslemongirl"]
[Result "1-0"]
[WhiteElo "2476"]
[BlackElo "2239"]
[TimeControl "180+1"]
[EndTime "14:14:58 PDT"]
[Termination "Bugcrusher won by checkmate"]

1. e4 c6 2. d4 d5 3. exd5 cxd5 4. c4 Nf6 5. Nc3 e6 6. Nf3 Be7 7. cxd5 exd5 8. Bd3 Be6 9. O-O Nc6 10. Re1 O-O 11. h3 h6 12. Bf4 Qb6 13. Qd2 Rac8 14.
Rad1 Rfd8 15. Bxh6 gxh6 16. Qxh6 Rd6 17. Ng5 Bd8 18.
Bh7+ Kh8 19. Qf8+ Ng8 20. Qxg8# 1-0

[Event "Late-Titled-Tuesday-Blitz-July-09-2024"]
[Site "Chess.com"]
[Date "2024.07.09"]
[Round "2"]
[White "Jospem"]
[Black "WanderingPuppet"]
[Result "1-0"]
[WhiteElo "3118"]
[BlackElo "2660"]
[TimeControl "180+1"]
[EndTime "14:15:02 PDT"]
[Termination "Jospem won by resignation"]

1. e4 c5 2. Nf3 d6 3. c3 Nf6 4.
h3 g6 5. Bd3 Bg7 6. Bc2 O-O 7. O-O Nc6 8. d4 cxd4 9. cxd4 b5 10. Re1 e5 11. d5 Nb4 12. Bb3 a5 13. a3 Na6 14. Nc3 Nc5 15. Bc2 Qb6 16. Be3 b4 17.
Na4 Qb5 18. Nxc5 dxc5 19. a4 Qb6 20. Nxe5 Nxe4 21. Nc4 1-0

[Event "Late-Titled-Tuesday-Blitz-July-09-2024"]
[Site "Chess.com"]
[Date "2024.07.09"]
[Round "2"]
[White "Chempiblinka"]
[Black "Snowball-03"]
[Result "0-1"]
[WhiteElo "2370"]
[BlackElo "2613"]
[TimeControl "180+1"]
[EndTime "14:15:02 PDT"]
[Termination "Snowball-03 won by resignation"]

1. Nf3 Nf6 2. g3 g6 3. Bg2 Bg7 4. O-O d6 5. c4 O-O 6. d4 c5 7.
Nc3 Nc6 8. b3 Bf5 9. e3 Ne4 10.
Bb2 Nxc3 11. Bxc3 Be4 12. Qd2 Qc8 13. Ng5 Bxg2 14. Kxg2 Qf5 15. Nh3 cxd4 16. exd4 Bxd4 17. Bxd4 Qe4+ 18. f3 Qxd4 19. Qh6 Qb2+ 20. Kg1 Qg7 0-1

[Event "Late-Titled-Tuesday-Blitz-July-09-2024"]
[Site "Chess.com"]
[Date "2024.07.09"]
[Round "2"]
[White "IngOscarArdila"]
[Black "VitorBronson"]
[Result "0-1"]
[WhiteElo "2298"]
[BlackElo "2512"]
[TimeControl "180+1"]
[EndTime "14:15:07 PDT"]
[Termination "VitorBronson won by resignation"]

1. d4 Nf6 2. c4 g6 3. Nc3 Bg7 4. Nf3 O-O 5. Qc2 d6 6. e3 c5 7.
Be2 cxd4 8. Nxd4 Nc6 9. Nxc6 bxc6 10. Bf3 Bf5 11. Qa4 Bd3 12. Bxc6 Rc8 13. Bb5 Qc7 14. Nd5 Nxd5 15. cxd5 Bxb5 16. Qxb5 Qxc1+ 17. Rxc1 Rxc1+ 18. Ke2 Rxh1 19. Qd7 Bf6 20. Qxa7 Rb1 21. b3 Rc8 22. Kf3 Rc2 23. Qa6 Rbb2 24. a4 Rxf2+ 25. Ke4 Rxb3 26. Qc8+ Kg7 27. a5 Be5 28. g4 f5+ 29.
gxf5 gxf5+ 30. Qxf5 Rb4+ 0-1

[Event "Late-Titled-Tuesday-Blitz-July-09-2024"]
[Site "Chess.com"]
[Date "2024.07.09"]
[Round "2"]
[White "Millerkallpa"]
[Black "SharathRk6"]
[Result "1-0"]
[WhiteElo "2244"]
[BlackElo "2459"]
[TimeControl "180+1"]
[EndTime "14:15:13 PDT"]
[Termination "Millerkallpa won by resignation"]

1. e4 e5 2. Nf3 Nc6 3. Nc3 Nf6 4. Bb5 a6 5. Bxc6 dxc6 6. Nxe5 Nxe4 7. Nxe4 Qd4 8. O-O Qxe5 9. d4 Qf5 10. Ng3 Qg6 11. Bf4 Bd6 12. Re1+ Be6 13. Bxd6 cxd6 14. d5 cxd5 15.
Qxd5 O-O 16. Qxd6 Qxc2 17. Qb4 a5 18. Qxb7 Rab8 19. Qa6 Rxb2 20. Re2 Rb1+ 21. Rxb1 Qxb1+ 22. Nf1 Qd1 23. Re3 a4 24. Re4 Bxa2 25. Qxa4 Be6 26. Qxd1 1-0

[Event "Late-Titled-Tuesday-Blitz-July-09-2024"]
[Site "Chess.com"]
[Date "2024.07.09"]
[Round "2"]
[White "pinelone"]
[Black "chipmunknau"]
[Result "1/2-1/2"]
[WhiteElo "2386"]
[BlackElo "2705"]
[TimeControl "180+1"]
[EndTime "14:15:19 PDT"]
[Termination "Game drawn by repetition"]

1. Nf3 c5 2. c3 d5 3. d4 e6 4. Bf4 Nf6 5. e3 Nc6 6. Nbd2 Bd6 7. Bg3 O-O 8. Bb5 Ne7 9. Bd3 Nf5 10. Bxf5 exf5 11.
O-O b6 12. Bxd6 Qxd6 13. Ne5 Ba6 14. Re1 Rfd8 15. Qa4 Bb7 16. Rad1 Qe6 17. Qc2 Ne4 18. f3 Nf6 19. Nd3 Rac8 20. Nf1 g6 21. Qa4 a6 22. Qa3 Kg7 23. dxc5 bxc5 24. Nxc5 Qb6 25. Nxb7 Qxb7 26. Rd4 Re8 27. Red1 Re6 28. Rb4 Qc7 29. Rdd4 Rce8 30. Qb3 R8e7 31. Rb8 Nd7 32. Rbb4 Nf6 33. Rb8 Nd7 34. Rbb4 Nf6 1/2-1/2

[Event "Late-Titled-Tuesday-Blitz-July-09-2024"]
[Site "Chess.com"]
[Date "2024.07.09"]
[Round "2"]
[White "jcmesafischer"]
[Black "Marks1420"]
[Result "1-0"]
[WhiteElo "2363"]
[BlackElo "2540"]
[TimeControl "180+1"]
[EndTime "14:15:22 PDT"]
[Termination "jcmesafischer won by resignation"]

1. e4 c5 2. Nf3 d6 3. Bb5+ Bd7 4. Bxd7+ Qxd7 5. c4 e5 6. d3 Nf6 7. Nc3 Nc6 8. Bg5 Be7 9. Bxf6 Bxf6 10. Nd5 Bd8 11.
O-O O-O 12. Ne1 f5 13. f3 Nd4 14. Nc2 a6 15. Nxd4 cxd4 16. a4 Rb8 17. b4 Bg5 18. b5 Be3+ 19. Kh1 f4 20. Rb1 g5 21. Qe2 Kh8 22. g4 h5 23. h3 hxg4 24. hxg4 Rf7 25. Kg2 axb5 26. axb5 Kg7 27. Rh1 Rff8 28. Rh5 Kg6 29.
Rbh1 Qg7 30. Nc7 Rh8 31. Rxg5+ Kxg5 32. Ne6+ Kg6 33. Nxg7 Rxh1 34. Kxh1 Kxg7 35. Qa2 Rh8+ 36. Kg2 Bf2 37. Qxf2 1-0

[Event "Late-Titled-Tuesday-Blitz-July-09-2024"]
[Site "Chess.com"]
[Date "2024.07.09"]
[Round "2"]
[White "IndianSchoolOfSuffering"]
[Black "miraitrunks"]
[Result "1-0"]
[WhiteElo "2439"]
[BlackElo "2012"]
[TimeControl "180+1"]
[EndTime "14:15:23 PDT"]
[Termination "IndianSchoolOfSuffering won by resignation"]

1. e4 e6 2. d4 d5 3. e5 Qd7 4. Nf3 b6 5. c3 Ba6 6. Bxa6 Nxa6 7. Qe2 Nb8 8. O-O c5 9. Be3 Nc6 10. Nbd2 Nh6 11. Rfd1 Nf5 12. g4 Nxe3 13. fxe3 h5 14. g5 Be7 15. h4 O-O-O 16. e4 cxd4 17. cxd4 Nxd4 18. Nxd4 Bc5 19. Nb3 Qa4 20. Rac1 dxe4 21. Nxc5 bxc5 22. Rxc5+ Kb8 23. Nc6+ Kb7 24. Nxd8+ Kb6 25.
Rd6+ Kxc5 26. Nb7+ Kb4 27. a3+ Kb3 28. Qd1+ 1-0

[Event "Late-Titled-Tuesday-Blitz-July-09-2024"]
[Site "Chess.com"]
[Date "2024.07.09"]
[Round "2"]
[White "Proteuo"]
[Black "ilya2700"]
[Result "0-1"]
[WhiteElo "2460"]
[BlackElo "2248"]
[TimeControl "180+1"]
[EndTime "14:15:24 PDT"]
[Termination "ilya2700 won by resignation"]

1. e4 c5 2. Ne2 e6 3. g3 d5 4.
exd5 exd5 5. Bg2 Nc6 6. O-O Nf6 7. d4 Bd6 8. Nbc3 Be6 9. Bg5 O-O 10. Re1 h6 11. Bxf6 Qxf6 12. dxc5 Bxc5 13. Nf4 Rad8 14. Qd2 Ne5 15. Ncxd5 Bxd5 16. Nxd5 Nf3+ 17. Bxf3 Qxf3 18. c4 Rfe8 19. b3 a5 20. Rxe8+ Rxe8 21. Rf1 Re2 22. Qf4 Bxf2+ 23. Rxf2 Re1+ 0-1

[Event "Late-Titled-Tuesday-Blitz-July-09-2024"]
[Site "Chess.com"]
[Date "2024.07.09"]
[Round "2"]
[White "andrejljepic"]
[Black "Adar_07"]
[Result "1-0"]
[WhiteElo "2467"]
[BlackElo "2737"]
[TimeControl "180+1"]
[EndTime "14:15:26 PDT"]
[Termination "andrejljepic won by resignation"]

1. d4 Nf6 2. Bg5 Ne4 3. Bf4 c5 4. d5 Qb6 5. Bc1 g6 6. f3 Nf6 7. e4 Bg7 8. Na3 O-O 9. Nc4 Qd8 10. a4 e6 11. d6 Nc6 12. Be3 Nh5 13. Nh3 f5 14.
Nf2 fxe4 15. Nxe4 b6 16. Be2 Ba6 17. c3 Nf4 18. O-O Nxe2+ 19. Qxe2 Na5 20. Ned2 Nxc4 21. Nxc4 Qh4 22. f4 Rf5 23. a5 b5 24. Ne5 Bxe5 25. fxe5 Rxe5 26. Qf3 Rd8 27. Qf7+ Kh8 28. Bh6 1-0

[Event "Late-Titled-Tuesday-Blitz-July-09-2024"]
[Site "Chess.com"]
[Date "2024.07.09"]
[Round "2"]
[White "jup1978"]
[Black "Queensandpawns"]
[Result "0-1"]
[WhiteElo "2498"]
[BlackElo "2316"]
[TimeControl "180+1"]
[EndTime "14:15:29 PDT"]
[Termination "Queensandpawns won by checkmate"]

1. d4 Nc6 2. Nf3 d6 3. c4 Nf6 4. g3 g6 5. Bg2 Bg7 6. Nc3 O-O 7. d5 Nb8 8. O-O e5 9. e4 a5 10. h3 Na6 11. Be3 b6 12. Nd2 Nc5 13. Qc2 Nh5 14.
Rae1 f5 15. Nb3 Nxb3 16. axb3 f4 17. g4 f3 18. gxh5 fxg2 19. Kxg2 Qh4 20. Rh1 gxh5 21. Reg1 Rf6 22. Kf1 Bxh3+ 23. Ke1 Rg6 24. Qd2 Rxg1+ 25. Rxg1 Bg4 26. Ne2 Rf8 27. Ng3 Qh2 28. Nf5 Qxg1# 0-1

[Event "Late-Titled-Tuesday-Blitz-July-09-2024"]
[Site "Chess.com"]
[Date "2024.07.09"]
[Round "2"]
[White "ChessBrainiacOnTwitch"]
[Black "el_sporco"]
[Result "1-0"]
[WhiteElo "2819"]
[BlackElo "2545"]
[TimeControl "180+1"]
[EndTime "14:15:30 PDT"]
[Termination "ChessBrainiacOnTwitch won by resignation"]

1. e4 e5 2. Nf3 Nc6 3. Nc3 Nf6 4. Bb5 Nd4 5. Bc4 Nxf3+ 6. Qxf3 Be7 7. O-O O-O 8. d3 d6 9. h3 Be6 10. Bb3 c6 11. Qe2 a5 12. f4 exf4 13. Bxf4 Nd7 14. d4 Bxb3 15. axb3 f5 16. e5 dxe5 17. dxe5 Bc5+ 18.
Kh1 Qe7 19. e6 Nf6 20. Rad1 Rad8 21. Bg5 Bd4 22. Rxf5 Bxc3 23. Rxd8 Rxd8 24. bxc3 Rd6 25. Re5 h6 26. Bxf6 gxf6 27. Qg4+ Kf8 28. Re1 Ke8 29. Qg8+ Qf8 30. Qg6+ Ke7 31. Qh7+ Ke8 32. e7 1-0